 Dungeon Crawl Stone Soup version 0.29-a0-529-gfa20dd96a1 (webtiles) character file.

Game seed: 11088025935771649331

234 nrs142 the Chopper (level 5, -4/43 HPs)
             Began as a Palentonga Fighter on June 1, 2022.
             Was a High Priest of Ignis.
             Slain by a gnoll
             ... wielding a +1 halberd of protection
              (9 damage)
             ... on level 4 of the Dungeon.
             The game lasted 00:09:27 (3570 turns).

nrs142 the Chopper (Palentonga Fighter)             Turns: 3570, Time: 00:09:27

Health: -4/43      AC: 10    Str: 21    XL:     5   Next: 75%
Magic:  5/5        EV:  7    Int:  8    God:    Ignis [*****.]
Gold:   213        SH:  4    Dex: 10    Spells: 4/4 levels left

rFire   + . .      SeeInvis +   a - +0 war axe
rCold   . . .      Faith    .   c - +0 buckler
rNeg    . . .      Spirit   .   b - +0 scale mail
rPois   .          Reflect  .   (no helmet)
rElec   .          Harm     .   (no cloak)
rCorr   +          Rampage  .   r - +2 pair of gloves
Will    .....                   (no barding)
Stlth   ..........              (no amulet)
HPRegen 0.14/turn               m - ring of resist corrosion
MPRegen 0.09/turn               (no ring)

@: no status effects
A: large, rugged brown scales 3, see invisible, deformed body, roll 1, armoured
tail
a: Rolling Charge, Renounce Religion, Fiery Armour, Foxfire Swarm, Rising Flame


You were on level 4 of the Dungeon.
You worshipped Ignis.
Ignis was extremely pleased with you.
You visited 1 branch of the dungeon, and saw 4 of its levels.

You collected 213 gold pieces.

Inventory:

Hand Weapons
 a - a +0 war axe (weapon)
Armour
 b - a +0 scale mail (worn)
 c - a +0 buckler (worn)
 r - a +2 pair of gloves (worn)
Jewellery
 m - a ring of resist corrosion (left hand)
Scrolls
 e - a scroll of noise
Potions
 d - 4 potions of might
 h - a potion of cancellation
 i - 3 potions of curing
 o - a potion of magic
 t - a potion of degeneration


   Skills:
 + Level 3.6 Fighting
 + Level 4.6 Axes
 + Level 3.2 Armour
 + Level 0.2 Dodging
 + Level 0.2 Stealth
 + Level 3.2 Shields


You had 4 spell levels left.
You didn't know any spells.
Your spell library contained the following spells:

 Spells                   Type           Power      Damage    Failure   Level
 Ensorcelled Hibernation  Hex/Ice        0%         N/A       91%         2
 Dazzling Flash           Conj/Hex       0%         N/A       99%         3
 Spider Form              Tmut/Pois      0%         N/A       99%         3
 Anguish                  Hex/Necr       0%         N/A       100%        4
 Agony                    Necr           0%         N/A       100%        5
 Silence                  Hex/Air        0%         N/A       100%        5


Dungeon Overview and Level Annotations

Branches:
Dungeon (4/15)
 Temple: D:4-7

Altars:
Xom
Ignis

Shops:
D:1 *?[


Innate Abilities, Weirdness & Mutations

You are completely covered in rugged brown scales. (AC +3, +7% HP)
You have supernaturally acute eyesight. (SInv)
Armour fits poorly on your strangely shaped body.
You can roll at nearby foes to attack.
You have a long armoured tail.


Message History

The ball python hisses angrily.
The gnoll shouts!
You hear an angry hiss.
You hear a shout! x2
There are monsters nearby!
You hit the ball python.
You kill the ball python!
A gnoll comes into view. It is wielding a +0 club.
The gnoll barely misses you.
You see here a ball python corpse.
You closely miss the gnoll.
Your tail-slap misses the gnoll.
The gnoll hits you with a +1 halberd of protection!
You hit the gnoll but do no damage.
An ufetubus comes into view.
The gnoll hits you but does no damage.
You closely miss the gnoll. The gnoll hits you but does no damage.
You hit the gnoll but do no damage.
You tail-slap the gnoll, but do no damage.
The gnoll hits you with a +1 halberd of protection!
You slash the gnoll!
The gnoll is severely wounded.
The gnoll hits you from afar with a +1 halberd of protection!
The gnoll hits you with a +0 club.
You are too injured to fight recklessly!
You barely miss the gnoll.
The gnoll is severely wounded.
The gnoll barely misses you. The gnoll completely misses you.
You hit the gnoll but do no damage.
The gnoll is severely wounded.
The gnoll hits you from afar with a +1 halberd of protection.
The gnoll hits you with a +0 club.
* * * LOW HITPOINT WARNING * * *
You block the gnoll's attack. The gnoll barely misses you.
You closely miss the gnoll.
The gnoll is severely wounded.
The gnoll hits you from afar with a +1 halberd of protection.
* * * LOW HITPOINT WARNING * * *
The gnoll completely misses you.
You barely miss the gnoll.
The gnoll is severely wounded.
The gnoll hits you from afar with a +1 halberd of protection!
You die...

############
#..........#
#.########.#
#..†.†...#@#
#..#####.#g#
#..#.###.#g#
#..#<....#5#
#..#######.#
#..# ...
#..# #.#
#..# ..#
####


You could see 2 gnolls and an ufetubus.

Vanquished Creatures
  Natasha (thrice) (D:3)
  4 gnolls (D:2)
  2 adders
  A worm (D:3)
  3 dart slugs
  An orc (D:3)
  4 bats
  6 endoplasms
  4 giant cockroaches
  9 goblins
  7 hobgoblins
  9 jackals (D:1)
  12 kobolds
  2 quokkas
  10 ball pythons
  6 frilled lizards
  6 rats
89 creatures vanquished.

Vanquished Creatures (others)
  6 fungi (D:2)
  3 plants (D:2)
9 creatures vanquished.

Grand Total: 98 creatures vanquished

Notes
Turn   | Place    | Note
-------+----------+-------------------------------------------
     0 | D:1      | nrs142 the Palentonga Fighter began the quest for the Orb.
     0 | D:1      | Reached XP level 1. HP: 19/19 MP: 1/1
    29 | D:1      | Found Plog's Magic Scroll Boutique.
    93 | D:1      | Reached XP level 2. HP: 18/25 MP: 2/2
   458 | D:1      | Found Aclyrouck's Assorted Antiques.
   616 | D:1      | Found Tuohiosk's Antique Armour Shop.
   731 | D:1      | Reached XP level 3. HP: 26/31 MP: 3/3
  1455 | D:2      | Reached skill level 3 in Axes
  1618 | D:2      | Reached XP level 4. HP: 34/37 MP: 4/4
  2080 | D:2      | Found a faded altar of an unknown god.
  2134 | D:2      | Prayed at the altar of an unknown god.
  2134 | D:2      | Became a worshipper of Ignis, the Dying Flame
  2569 | D:3      | Noticed Natasha
  2579 | D:3      | Killed Natasha
  2580 | D:3      | Reached XP level 5. HP: 26/43 MP: 5/5
  2595 | D:3      | Noticed Natasha
  2604 | D:3      | Killed Natasha
  2605 | D:3      | Reached skill level 4 in Axes
  2683 | D:3      | Noticed Natasha
  2692 | D:3      | Killed Natasha
  2957 | D:3      | Found a shimmering altar of Xom.
  3570 | D:4      | Slain by a gnoll

Illustrated notes

Levels and vault maps discovered:
D:1:      dpeg_arrival_simpleton_a, layout_basic, serial_shops,
          nicolae_shop_advertising_works [nicolae_subvault_shop_adworks],
          nicolae_shop_waterfront, nicolae_shop_behind_doors,
          minmay_split_cup_large
D:2:      layout_rooms, dreamdust_ecumenical_altar_grove
D:3:      layout_loops_ring, mainiacjoe_overflow_catwalk, uniq_natasha
D:4:      layout_basic, serial_shops, nicolae_take_the_stairs

Skill      XL: |  1  2  3  4  5 |
---------------+----------------+-----
Shields        | 3 |  3.2
Axes           | 3 4 |  4.6
Armour         | 3 |  3.2
Fighting       | |  3.6
Dodging        | |  0.2
Stealth        | |  0.2

Action                   |  1- 3 |  4- 6 || total
-------------------------+-------+-------++-------
Melee: War axe           |   122 |   125 ||   247
       Tailslap          |     6 |    16 ||    22
  Use: Scroll            |       |    11 ||    11
       Potion            |       |     2 ||     2
Armor: Scale mail        |    82 |    46 ||   128
Dodge: Dodged            |    62 |    35 ||    97
Block: Buckler           |    26 |    17 ||    43

Table legend: (Time is in decaauts)
 A = Elapsed time spent in this place.
 B = Non-inter-level travel time spent in this place.
 C = Inter-level travel time spent in this place.
 D = Time resting spent in this place.
 E = Time spent auto-exploring this place.
 F = Levels seen in this place.
 G = Mean time per level.
                   A        B        C        D        E       F      G
               +--------+--------+--------+--------+--------+-----+--------+
         Total |   3672 |   3595 |     77 |    432 |   2346 |   4 |  918.0 |
       Dungeon |   3672 |   3595 |     77 |    432 |   2346 |   4 |  918.0 |
               +--------+--------+--------+--------+--------+-----+--------+

Top non-repeatable levels by time:
     D:1: 1431 daAuts
     D:3: 1200 daAuts
     D:2: 922 daAuts
     D:4: 118 daAuts
